 Dungeon Crawl Stone Soup version 0.31-a0-1570-g93c622d222 (webtiles) character file.

Game seed: 1729831124774436018

8657 Drazool the Thaumaturge (level 11, -18/82 HPs)
             Began as a Djinni Fire Elementalist on Jan 3, 2024.
             Was a Priest of Ashenzari.
             Demolished by a skeletal warrior
             ... wielding a +0 trident
              (21 damage)
             ... on level 8 of the Dungeon.
             The game lasted 00:28:13 (8836 turns).

Drazool the Thaumaturge (Djinni Fire Elementalist)  Turns: 8836, Time: 00:28:13

Health: -18/82     AC: 14    Str: 13    XL:     11   Next: 59%
Gold:   1262       EV: 11    Int: 23    God:    Ashenzari [***...] SH:  0 Dex: 14

rFire   + + .        h - +7 sling "Behold Eternity" {drain, Int+2, Range, Dev} (curse)
rCold   . . .        (no shield)
rNeg    . . .        f - quicksilver dragon scales of the Revealing Sky {Will+, Fort, Elem} (curse)
rPois   ∞            p - +1 hat
rElec   .            (no cloak)
rCorr   .            (no gloves)
SInv    +            (boots unavailable)
Will    +++..        (no amulet)
Stlth   +            c - ring of Ashenzari's Oracle {rC+, Sorc, Melee} (curse)
HPRegen 0.33/turn    z - ring of Ashenzari's Pleiades {Will+ Str+6, Dev, Cun} (curse)
MPRegen 0.00/turn

%: clarity, infuse magic (-19 HP)
@: flying
A: sickness immunity, fire resistance 2, cold vulnerability 1, float, innate
caster, HP casting, extra vitality 1
a: Renounce Religion, Shatter the Chains


You were on level 8 of the Dungeon.
You worshipped Ashenzari.
Ashenzari was most pleased with you.
You visited 2 branches of the dungeon, and saw 9 of its levels.
You also visited: Bailey.

You collected 1262 gold pieces.


Innate Abilities, Weirdness & Mutations

You are immune to sickness and miasma.
You are immune to poison.
Your flesh is very heat resistant. (rF++)
You are vulnerable to cold. (rC-)
You float through the air rather than walking.
You learn spells naturally, not from books.
Your magical power is your life essence.
You have superior vitality. (+4 MHP)


   Skills:
 - Level 8.8 Fighting
 + Level 9.0(10.5) Armour
 - Level 2.1(3.3) Dodging
 - Level 1.5(2.6) Stealth
 - Level 10.0 Spellcasting
 - Level 10.0(11.4) Conjurations
 - Level 10.0 Hexes
 - Level 10.0 Summonings
 - Level 10.0 Necromancy
 - Level 10.0 Translocations
 - Level 10.0(11.4) Fire Magic
 - Level 10.0(11.4) Ice Magic
 - Level 10.0(11.4) Air Magic
 - Level 10.0(11.4) Earth Magic
 - Level 10.0(11.4) Alchemy


You knew the following spells:

 Your Spells              Type           Power      Damage    Failure   Level
a - Jinxbite              Hex            100%       N/A       1%          2
b - Yara's Violent Unrav  Hex/Alch       28%        3d12      3%          5
c - Call Imp              Summ           100%       N/A       1%          2
e - Airstrike             Air            29%        2d(5-21)  1%          4
f - Foxfire               Conj/Fire      100%       2x1d9     1%          1
r - Inner Flame           Hex/Fire       57%        N/A       1%          3
z - Summon Small Mammal   Summ           100%       N/A       1%          1
X - Scorch                Fire           100%       2d9       1%          2
Y - Volatile Blastmotes   Fire/Tloc      100%       2d18      1%          3
Z - Flame Wave            Conj/Fire      59%        2d14      1%          4
Your spell library was empty.

Inventory:

Hand Weapons
 h - the cursed +7 sling "Behold Eternity" (weapon) {drain, Int+2, Range, Dev}
   (You found it on level 2 of the Dungeon)

   Int+2:     It affects your intelligence (+2).
   It has a curse which improves the following skills: Ranged Combat: Ranged
   Weapons and Throwing.
   Devices:   Evocations and Shapeshifting.
Missiles
 l - a throwing net {=f}
 w - 6 curare-tipped darts {=f}
Armour
 a - a +0 robe
 f - the cursed quicksilver dragon scales of the Revealing Sky (worn) {Will+, Fort, Elem}
   (You found it on level 5 of the Dungeon)

   Will+:     It increases your willpower.
   It has a curse which improves the following skills: Fortitude: Armour and
   Shields.
   Elements:  Fire Magic, Ice Magic, Air Magic and Earth Magic.
 k - a +3 scale mail
 p - a +1 hat (worn)
 B - a +0 troll leather armour
Magical Staves
 F - a staff of conjuration {!a}
Jewellery
 c - the cursed ring of Ashenzari's Oracle (left hand) {rC+, Sorc, Melee}
   (You found it on level 3 of the Dungeon)

   [ring of protection from cold]

   rC+:       It protects you from cold.
   It has a curse which improves the following skills: Sorcery: Conjurations and
   Alchemy.
   Melee Combat: Short Blades, Long Blades, Axes, Maces & Flails, Polearms,
   Staves and Unarmed Combat.
 z - the cursed ring of Ashenzari's Pleiades (right hand) {Will+ Str+6, Dev, Cun}
   (You acquired it on level 6 of the Dungeon)

   [ring of strength]

   Str+6:     It affects your strength (+6).
   Will+:     It increases your willpower.
   It has a curse which improves the following skills: Devices: Evocations and
   Shapeshifting.
   Cunning:   Dodging and Stealth.
 C - a ring of ice
Wands
 s - a wand of paralysis (6)
 t - a wand of flame (46)
 u - a wand of roots (18)
 E - a wand of digging (10)
Scrolls
 g - a scroll of brand weapon
 i - 2 scrolls of fog
 j - 2 scrolls of fear
 m - a scroll of silence {!r}
 y - a scroll of enchant weapon
 A - a scroll of butterflies
 H - a scroll of vulnerability
Potions
 b - 7 potions of enlightenment
 d - 3 potions of lignification
 e - a potion of attraction
 n - a potion of resistance
 o - 2 potions of cancellation
 q - 3 potions of curing {@q1}
 r - a potion of heal wounds {@q2}
 v - a potion of haste {@q3}
 x - 3 potions of might
Miscellaneous
 D - a lightning rod (4/4)
 G - a phantom mirror

Dungeon Overview and Level Annotations

Branches:
Dungeon (8/15)             Temple (1/1) D:4          Bailey (visited)
   Lair: D:8-11

Altars:
Ashenzari
Cheibriados
Dithmenos
Fedhas
Gozag
Hepliaklqana
Makhleb
Nemelex Xobeh
Okawaru
Qazlal
Ru
Trog
Uskayaw
Wu Jian
Xom
Yredelemnul

Shops:
D:4 :

Annotations:
D:4 1 runed translucent door, Crazy Yiuf
D:6 4 runed translucent doors, 2 transporters, wildpjah's ghost, novice DsGl

######## ##......## #
#......# #.....##
#....## #. #########
##..## .. #.......#
#..##.▒ ##.......#
###z...▒
#........####z....#▒+
).........#..@.......#
#.......z.....#.#####
##........###.#
###.....#### .#
###.....### .#
#.....### .#
#z.....### .....##
...#


You could see 3 skeletal warriors.


Message History

The skeletal warrior hits you from afar with a +0 trident!
* * * LOW HITPOINT WARNING * * *
As you read the scroll of teleportation {@r2}, it crumbles to dust.
You feel strangely unstable.
The skeletal warrior hits you from afar with a +0 trident.
* * * LOW HITPOINT WARNING * * *
Unknown command.
The skeletal warrior attacks as it pursues you!
The skeletal warrior hits you from afar with a +0 trident.
* * * LOW HITPOINT WARNING * * *
Your surroundings suddenly seem different.
A skeletal warrior comes into view. It is wielding a +0 hand axe.
The skeletal warrior hits you with a +0 dire flail!
* * * LOW HITPOINT WARNING * * *
Unknown command.
Okay, then.
You feel much better.
The skeletal warrior hits you but does no damage.
Casting: Flame Wave (mildly dangerous; 1% risk of failure)
Confirm with . or Enter, or press ? or * to list all spells.
Casting: Flame Wave (mildly dangerous; 1% risk of failure)
Press: ? - help, Dir - look around, f - activate A wave of flame ripples out!
The flame wave engulfs the skeletal warrior but does no damage. (Press . to intensify the flame waves.)
* * * LOW HITPOINT WARNING * * *
The skeletal warrior hits you with a +0 dire flail!!
* * * LOW HITPOINT WARNING * * *
The skeletal warrior hits you from afar with a +0 trident!!
You die...

Skill      XL: |  1  2  3  4  5  6  7  8  9 10 11 |
---------------+----------------------------------+-----
Spellcasting   | 4 5 6 8 10 | 10.0
Conjurations   | 4 5 6 8 10 | 10.0
Hexes          | 4 5 6 8 10 | 10.0
Summonings     | 4 5 6 8 10 | 10.0
Necromancy     | 4 5 6 8 10 | 10.0
Translocations | 4 5 6 8 10 | 10.0
Fire Magic     | 4 5 6 8 10 | 10.0
Ice Magic      | 4 5 6 8 10 | 10.0
Air Magic      | 4 5 6 8 10 | 10.0
Earth Magic    | 4 5 6 8 10 | 10.0
Alchemy        | 4 5 6 8 10 | 10.0
Fighting       | 3 7 8 |  8.8
Armour         | 4 9 |  9.0
Dodging        | |  2.1
Stealth        | |  1.5

Action                     |  1- 3 |  4- 6 |  7- 9 | 10-12 || total
---------------------------+-------+-------+-------+-------++-------
   Cast: Foxfire           |    58 |    67 |   108 |   121 ||   354
         Scorch            |     1 |    11 |    27 |    22 ||    61
         Summon Small Mamm |       |       |     1 |       ||     1
         Call Imp          |       |       |     1 |       ||     1
         Airstrike         |       |       |     8 |    63 ||    71
         Flame Wave        |       |       |     3 |    10 ||    13
 Invoke: Curse Item        |       |       |     3 |     1 ||     4
  Evoke: Wand              |       |       |     1 |     2 ||     3
    Use: Scroll            |       |     1 |       |     2 ||     3
         Potion            |       |       |       |     1 ||     1
 Armour: Robe              |     5 |     6 |     4 |       ||    15
         Quicksilver drago |       |       |     5 |    33 ||    38
  Dodge: Dodged            |     4 |     3 |     5 |    21 ||    33

Levels and vault maps discovered:
D:1:      dpeg_arrival_shrine, layout_loops_ring, serial_bayou_lagoon_a
D:2:      layout_loops_ring, dk_noncrumbling_4
D:3:      layout_basic, minitemple, shapermc_ecumenical_altar_mp_urbaneastern
D:4:      layout_basic, grunt_temple_overflow_open, mainiacjoe_overflow_catwalk,
          temple_statues, nicolae_custom_books, uniq_grinder, uniq_ijyb,
          uniq_sigmund, uniq_crazy_yiuf_cottage
D:5:      layout_cave_pods, kiku_gazebo_garden_becter, grunt_gozag_breadcrumbs,
          serial_column_ruins, column_ruins_hut_pillars,
          column_ruins_corridor_straight, column_ruins_open_large,
          column_ruins_columns_corner, column_ruins_columns_straight,
          column_ruins_open_small, feat_on_display
D:6:      layout_rooms, gammafunk_ghost_hive, minmay_hollow_rounded_squares,
          uniq_menkaure, uniq_prince_ribbit1, uniq_eustachio
D:7:      layout_basic, enter_bailey_3, hangedman_decor_lopped, uniq_joseph
D:8:      layout_cave_pods, good_gods_mini_temple, serial_shops,
          kennysheep_mini, minmay_crossroads, uniq_pikel, uniq_jeremiah
Temple:   grunt_temple_mini_profane

Notes
Turn   | Place    | Note
-------+----------+-------------------------------------------
     0 | D:1      | Drazool the Djinni Fire Elementalist began the quest for
                  | the Orb.
     0 | D:1      | Drazool set off with the following spells memorised:
                  | Foxfire, Scorch, Volatile Blastmotes, Inner Flame, Flame
                  | Wave.
     0 | D:1      | Reached XP level 1. HP: 15/15 MP: 0/0
    41 | D:1      | Reached XP level 2. HP: 16/21 MP: 0/0
   273 | D:1      | Reached XP level 3. HP: 24/25 MP: 0/0
   273 | D:1      | Learned a level 1 spell: Summon Small Mammal
   568 | D:1      | Reached skill level 4 in Spellcasting
   568 | D:1      | Reached skill level 4 in Conjurations
   568 | D:1      | Reached skill level 4 in Hexes
   568 | D:1      | Reached skill level 4 in Summonings
   568 | D:1      | Reached skill level 4 in Necromancy
   568 | D:1      | Reached skill level 4 in Translocations
   568 | D:1      | Reached skill level 4 in Fire Magic
   568 | D:1      | Reached skill level 4 in Ice Magic
   568 | D:1      | Reached skill level 4 in Air Magic
   568 | D:1      | Reached skill level 4 in Earth Magic
   568 | D:1      | Reached skill level 4 in Alchemy
  1212 | D:2      | Reached XP level 4. HP: 30/31 MP: 0/0
  1482 | D:2      | Identified the +7 sling of Valour {drain, Int+2}
  1737 | D:3      | Found a stormy altar of Qazlal.
  1741 | D:3      | Found a snail-covered altar of Cheibriados.
  1923 | D:3      | Reached XP level 5. HP: 31/35 MP: 0/0
  1923 | D:3      | Learned a level 2 spell: Jinxbite
  2178 | D:3      | Found a faded altar of an unknown god.
  2585 | D:4      | Noticed Sigmund
  2585 | D:4      | Found a staircase to the Ecumenical Temple.
  2630 | D:4      | Reached skill level 5 in Spellcasting
  2630 | D:4      | Reached skill level 5 in Conjurations
  2630 | D:4      | Reached skill level 5 in Hexes
  2630 | D:4      | Reached skill level 5 in Summonings
  2630 | D:4      | Reached skill level 5 in Necromancy
  2630 | D:4      | Reached skill level 5 in Translocations
  2630 | D:4      | Reached skill level 5 in Fire Magic
  2630 | D:4      | Reached skill level 5 in Ice Magic
  2630 | D:4      | Reached skill level 5 in Air Magic
  2630 | D:4      | Reached skill level 5 in Earth Magic
  2630 | D:4      | Reached skill level 5 in Alchemy
  2839 | D:4      | Killed Sigmund
  2840 | D:4      | Reached XP level 6. HP: 33/40 MP: 0/0
  2871 | Temple   | Entered the Ecumenical Temple
  2902 | Temple   | Became a worshipper of Ashenzari the Shackled
  2936 | D:4      | Noticed Grinder
  2944 | D:4      | Killed Grinder
  2945 | D:4      | Reached skill level 6 in Spellcasting
  2945 | D:4      | Reached skill level 6 in Conjurations
  2945 | D:4      | Reached skill level 6 in Hexes
  2945 | D:4      | Reached skill level 6 in Summonings
  2945 | D:4      | Reached skill level 6 in Necromancy
  2945 | D:4      | Reached skill level 6 in Translocations
  2945 | D:4      | Reached skill level 6 in Fire Magic
  2945 | D:4      | Reached skill level 6 in Ice Magic
  2945 | D:4      | Reached skill level 6 in Air Magic
  2945 | D:4      | Reached skill level 6 in Earth Magic
  2945 | D:4      | Reached skill level 6 in Alchemy
  2945 | D:4      | Reached XP level 7. HP: 38/45 MP: 0/0
  2945 | D:4      | Learned a level 2 spell: Call Imp
  2945 | D:4      | Noticed Ijyb
  2953 | D:4      | Killed Ijyb
  2954 | D:4      | Reached skill level 1 in Fighting
  3052 | D:4      | Found a sacrificial altar of Ru.
  3108 | D:4      | Found Xahoblep's Self-Published Books.
  3120 | D:4      | Reached skill level 2 in Fighting
  3483 | D:4      | Found a runed translucent door.
  3484 | D:4      | Noticed Crazy Yiuf
  3639 | D:4      | Found a blossoming altar of Fedhas.
  3643 | D:4      | Found an iron altar of Okawaru.
  3802 | D:5      | Entered Level 5 of the Dungeon
  3836 | D:5      | Reached skill level 3 in Fighting
  3898 | D:5      | Found an opulent altar of Gozag.
  3965 | D:5      | Reached XP level 8. HP: 54/56 MP: 0/0
  4158 | D:5      | Reached * piety under Ashenzari
  4338 | D:5      | Reached skill level 4 in Fighting
  4606 | D:5      | Identified a potion of resistance
  4740 | D:6      | Reached skill level 5 in Fighting
  4769 | D:6      | Noticed Eustachio
  4780 | D:6      | Killed Eustachio
  4781 | D:6      | Reached skill level 6 in Fighting
  4820 | D:6      | Noticed a yak
  4839 | D:6      | Killed a yak
  4872 | D:6      | Reached skill level 7 in Fighting
  4881 | D:6      | Reached XP level 9. HP: 59/68 MP: 0/0
  4881 | D:6      | Learned a level 4 spell: Airstrike
  4900 | D:6      | Noticed Prince Ribbit
  4904 | D:6      | Killed Prince Ribbit
  4905 | D:6      | Reached skill level 8 in Fighting
  5099 | D:6      | Found a large runed translucent door.
  5103 | D:6      | Noticed a boulder beetle
  5104 | D:6      | Found a large runed translucent door.
  5211 | D:6      | Reached ** piety under Ashenzari
  5244 | D:6      | Reached skill level 7 in Spellcasting
  5244 | D:6      | Reached skill level 7 in Conjurations
  5244 | D:6      | Reached skill level 7 in Hexes
  5244 | D:6      | Reached skill level 7 in Summonings
  5244 | D:6      | Reached skill level 7 in Necromancy
  5244 | D:6      | Reached skill level 7 in Translocations
  5244 | D:6      | Reached skill level 7 in Fire Magic
  5244 | D:6      | Reached skill level 7 in Ice Magic
  5244 | D:6      | Reached skill level 7 in Air Magic
  5244 | D:6      | Reached skill level 7 in Earth Magic
  5244 | D:6      | Reached skill level 7 in Alchemy
  5402 | D:6      | Reached skill level 8 in Spellcasting
  5402 | D:6      | Reached skill level 8 in Conjurations
  5402 | D:6      | Reached skill level 8 in Hexes
  5402 | D:6      | Reached skill level 8 in Summonings
  5402 | D:6      | Reached skill level 8 in Necromancy
  5402 | D:6      | Reached skill level 8 in Translocations
  5402 | D:6      | Reached skill level 8 in Fire Magic
  5402 | D:6      | Reached skill level 8 in Ice Magic
  5402 | D:6      | Reached skill level 8 in Air Magic
  5402 | D:6      | Reached skill level 8 in Earth Magic
  5402 | D:6      | Reached skill level 8 in Alchemy
  5481 | D:6      | Found a transporter.
  5483 | D:6      | Found a transporter.
  5484 | D:6      | Noticed wildpjah's ghost (novice DsGl)
  5485 | D:6      | Noticed Menkaure
  5490 | D:6      | Killed Menkaure
  5491 | D:6      | Reached XP level 10. HP: 66/77 MP: 0/0
  5812 | D:6      | Found a large runed translucent door.
  5812 | D:6      | Found a large runed translucent door.
  5815 | D:6      | Identified a scroll of acquirement
  5819 | D:6      | Acquired the ring "Siasmup" {Will+ Str+6}
  5889 | D:6      | Reached skill level 9 in Spellcasting
  5889 | D:6      | Reached skill level 9 in Conjurations
  5889 | D:6      | Reached skill level 9 in Hexes
  5889 | D:6      | Reached skill level 9 in Summonings
  5889 | D:6      | Reached skill level 9 in Necromancy
  5889 | D:6      | Reached skill level 9 in Translocations
  5889 | D:6      | Reached skill level 9 in Fire Magic
  5889 | D:6      | Reached skill level 9 in Ice Magic
  5889 | D:6      | Reached skill level 9 in Air Magic
  5889 | D:6      | Reached skill level 9 in Earth Magic
  5889 | D:6      | Reached skill level 9 in Alchemy
  6078 | D:6      | Noticed a two-headed ogre
  6094 | D:6      | Killed a two-headed ogre
  6260 | D:7      | Noticed Joseph
  6601 | D:7      | Found a flagged portal.
  6631 | Bailey   | Entered a bailey
  6703 | Bailey   | Reached skill level 10 in Spellcasting
  6703 | Bailey   | Reached skill level 10 in Conjurations
  6703 | Bailey   | Reached skill level 10 in Hexes
  6703 | Bailey   | Reached skill level 10 in Summonings
  6703 | Bailey   | Reached skill level 10 in Necromancy
  6703 | Bailey   | Reached skill level 10 in Translocations
  6703 | Bailey   | Reached skill level 10 in Fire Magic
  6703 | Bailey   | Reached skill level 10 in Ice Magic
  6703 | Bailey   | Reached skill level 10 in Air Magic
  6703 | Bailey   | Reached skill level 10 in Earth Magic
  6703 | Bailey   | Reached skill level 10 in Alchemy
  6775 | Bailey   | Noticed an orc knight
  6820 | Bailey   | Killed an orc knight
  6821 | Bailey   | Reached skill level 2 in Armour
  6875 | Bailey   | Reached skill level 3 in Armour
  7188 | D:7      | Killed Joseph
  7189 | D:7      | Reached skill level 4 in Armour
  7189 | D:7      | Reached XP level 11. HP: 54/82 MP: 0/0
  7189 | D:7      | Learned a level 5 spell: Yara's Violent Unravelling
  7334 | D:7      | Reached skill level 5 in Armour
  7916 | D:7      | Reached skill level 6 in Armour
  8182 | D:8      | Found the Hermit's Pendant {Faith Invo=14 Evo=0 MP+5}
  8185 | D:8      | Reached skill level 7 in Armour
  8247 | D:8      | Noticed Jeremiah
  8257 | D:8      | Killed Jeremiah
  8407 | D:8      | Reached skill level 8 in Armour
  8586 | D:8      | Reached *** piety under Ashenzari
  8662 | D:8      | Noticed a skeletal warrior
  8698 | D:8      | Killed a skeletal warrior
  8809 | D:8      | Noticed a skeletal warrior
  8810 | D:8      | Noticed a skeletal warrior
  8823 | D:8      | Killed a skeletal warrior
  8823 | D:8      | Noticed a skeletal warrior
  8824 | D:8      | Reached skill level 9 in Armour
  8834 | D:8      | Noticed a skeletal warrior
  8834 | D:8      | HP: 7/82 [skeletal warrior/+0 dire flail (9)]
  8836 | D:8      | HP: 3/82 [skeletal warrior/+0 dire flail (20)]
  8836 | D:8      | Demolished by a skeletal warrior

Vanquished Creatures
  A two-headed ogre (D:6)
  2 skeletal warriors (D:8)
  An orc knight (Bailey)
  Joseph (D:7)
  Jeremiah (D:8)
  A troll (D:6)
  Grinder (D:4)
  Prince Ribbit (D:6)
  Sigmund (D:4)
  Eustachio (D:6)
  10 yaks
  Menkaure (D:6)
  3 water moccasins
  3 orc warriors (Bailey)
  4 ice beasts
  A black bear (D:6)
  An ogre (D:6)
  3 centaurs
  3 bullfrogs
  17 wights
  3 killer bees (D:8)
  3 howler monkeys
  2 jellies
  A bombardier beetle (D:5)
  A hound (D:4)
  2 gnoll boudas
  5 orc priests
  2 sleepcaps
  Ijyb (D:4)
  3 iguanas
  8 orc wizards
  4 adders
  5 gnolls
  4 shadow imps
  2 ufetubi (D:7)
  5 dart slugs
  A ribbon worm (D:3)
  21 orcs
  8 ball pythons
  7 bats
  5 endoplasms
  2 giant cockroaches
  20 goblins
  8 hobgoblins
  2 quokkas
  A frilled lizard (D:1)
  19 kobolds
  3 rats
205 creatures vanquished.

Vanquished Creatures (others)
  597 foxfires
597 creatures vanquished.

Grand Total: 802 creatures vanquished

Table legend: (Time is in decaauts)
 A = Elapsed time spent in this place.
 B = Non-inter-level travel time spent in this place.
 C = Inter-level travel time spent in this place.
 D = Time resting spent in this place.
 E = Time spent auto-exploring this place.
 F = Levels seen in this place.
 G = Mean time per level.
                   A        B        C        D        E       F      G
               +--------+--------+--------+--------+--------+-----+--------+
         Total |   8834 |   8446 |    388 |    695 |   6250 |  10 |  883.4 |
       Dungeon |   8224 |   7892 |    332 |    695 |   5950 |   8 | 1028.0 |
        Temple |     58 |      2 |     56 |      0 |      0 |   1 |   58.0 |
        Bailey |    550 |    550 |      0 |      0 |    300 |   1 |  550.0 |
               +--------+--------+--------+--------+--------+-----+--------+

Top non-repeatable levels by time:
     D:6: 1673 daAuts
     D:7: 1157 daAuts
     D:4: 1134 daAuts
     D:1: 935 daAuts
     D:3: 934 daAuts
     D:5: 916 daAuts
     D:2: 750 daAuts
     D:8: 722 daAuts
  Bailey: 550 daAuts
  Temple: 58 daAuts

Table legend:
 A = Non-vault XP
 B = Vault XP
 C = Vault XP percentage of total XP
 D = Non-vault monster count
 E = Vault monster count
 F = Vault count percentage of total count
                 A         B        C        D         E       F
            +---------+---------+-------+---------+---------+-------
      Total |    7844 |    4524 |  36.6 |     157 |      48 |  23.4
            +---------+---------+-------+---------+---------+-------
        D:1 |      59 |       0 |   0.0 |      30 |       0 |   0.0
        D:2 |      31 |       0 |   0.0 |      10 |       0 |   0.0
        D:3 |      84 |       0 |   0.0 |      23 |       0 |   0.0
        D:4 |     128 |     529 |  80.5 |       9 |       3 |  25.0
        D:5 |     415 |       0 |   0.0 |      13 |       0 |   0.0
        D:6 |    2475 |    2089 |  45.8 |      27 |      10 |  27.0
        D:7 |    1745 |     438 |  20.1 |      28 |       5 |  15.2
        D:8 |    2907 |     376 |  11.5 |      17 |       3 |  15.0
     Bailey |       0 |    1092 | 100.0 |       0 |      27 | 100.0
            +---------+---------+-------+---------+---------+-------
